 Dungeon Crawl Stone Soup version 0.31.0-12-g77e489cdc1 (webtiles) character file.

Game seed: 11870867367644194099

23233 cdecastro the Arsonist (level 12, -4/68 HPs)
             Began as a Deep Elf Fire Elementalist on Feb 15, 2024.
             Was a High Priest of Sif Muna.
             Killed from afar by an ice dragon (55 damage)
             ... with a blast of cold
             ... in an ice cave on Feb 16, 2024.
             The game lasted 00:43:45 (14954 turns).

cdecastro the Arsonist (DEFE)                      Turns: 14954, Time: 00:43:47

Health: -4/68      AC: 11    Str:  5    XL:     12   Next: 70%
Magic:  25/28      EV: 22    Int: 26    God:    Sif Muna [*****.]
Gold:   784        SH:  0    Dex: 15    Spells: 0/31 levels left

rFire   + + .        a - +9 sling "Sarcophage" {flame, rF++ Will+}
rCold   . . .        (no shield)
rNeg    . . .        v - +2 animal skin
rPois   .            r - +0 helmet
rElec   .            G - +0 cloak
rCorr   .            (no gloves)
SInv    .            O - +0 pair of boots
Will    ++...        g - amulet of magic regeneration
Stlth   ++           m - +4 ring of protection
HPRegen 0.31/turn    L - +5 ring of evasion
MPRegen 0.61/turn

%: no passive effects
@: no status effects
A: no striking features
a: Renounce Religion, Channel Magic, Forget Spell, Divine Exegesis


You were in an ice cave.
You worshipped Sif Muna.
Sif Muna was extremely pleased with you.
You visited 2 branches of the dungeon, and saw 13 of its levels.
You also visited: Ice Cave.

You collected 784 gold pieces.

Inventory:

Hand Weapons
 a - the +9 sling "Sarcophage" (weapon) {flame, rF++ Will+}
   (You found it in an ice cave)

   rF++:      It greatly protects you from fire.
   Will+:     It increases your willpower.
 b - the +11 Singing Sword {sonic wave}
   (You found it on level 4 of the Dungeon)
 l - the +7 trident "Tunij" {speed, *Slow +Blink SInv}
   (You found it on level 2 of the Dungeon)

   SInv:      It lets you see invisible.
   +Blink:    It lets you blink.
   *Slow:     It may slow you when you take damage.
 S - a +0 dagger of electrocution
Missiles
 i - a throwing net
Armour
 r - a +0 helmet (worn)
 v - a +2 animal skin (worn)
 G - a +0 cloak (worn)
 O - a +0 pair of boots (worn)
 R - the +3 hat of Pondering {ponderous, Will+ MP+10 Int+5}
   (You took it off Gastronok on level 11 of the Dungeon)

   Int+5:     It affects your intelligence (+5).
   Will+:     It increases your willpower.
   MP+10:     It affects your magic capacity (+10).
Jewellery
 c - a ring of resist corrosion
 g - an amulet of magic regeneration (around neck)
 m - a +4 ring of protection (left hand)
 C - a ring of positive energy
 E - a ring of flight
 I - a +6 ring of intelligence
 L - a +5 ring of evasion (right hand)
 M - an amulet of regeneration
Wands
 t - a wand of roots (20)
 w - a wand of mindburst (13)
 D - a wand of paralysis (14)
 H - a wand of flame (3)
 P - a wand of digging (4)
Scrolls
 e - a scroll of immolation {unknown}
 f - 2 scrolls of summoning
 o - 7 scrolls of teleportation
 p - 3 scrolls of vulnerability
 q - 2 scrolls of enchant armour
 s - 2 scrolls of revelation
 u - a scroll of silence {unknown}
 x - a scroll of enchant weapon {unknown}
 A - a scroll of amnesia {unknown}
 B - a scroll of blinking
 F - 2 scrolls of fog
 J - a scroll of brand weapon {unknown}
 K - a scroll of acquirement {unknown}
Potions
 d - 2 potions of mutation
 h - a potion of brilliance
 j - a potion of haste
 k - 3 potions of curing
 n - 5 potions of attraction
 y - a potion of magic
 z - a potion of cancellation
 N - a potion of invisibility
 Q - 12 potions of ambrosia


   Skills:
 - Level 5.0 Fighting
 - Level 10.0 Dodging
 - Level 2.4 Stealth
 - Level 10.0 Spellcasting
 + Level 10.8 Conjurations
 - Level 13.2 Fire Magic
 - Level 10.0 Invocations


You couldn't memorise any spells.
You knew the following spells:

 Your Spells              Type           Power      Damage    Failure   Level
a - Foxfire               Conj/Fire      100%       2x1d9     1%          1
b - Scorch                Fire           100%       2d9       1%          2
c - Inner Flame           Hex/Fire       47%        N/A       1%          3
d - Volatile Blastmotes   Fire/Tloc      94%        2d17      1%          3
e - Flame Wave            Conj/Fire      66%        2d15      1%          4
f - Starburst             Conj/Fire      33%        6d10      4%          6
g - Summon Blazeheart Go  Fire/Summ      47%        N/A       3%          4
h - Mephitic Cloud        Conj/Alch/Air  31%        N/A       3%          3
i - Arcjolt               Conj/Air       20%        1d30      14%         5

Your spell library contained the following spells:

 Spells                   Type           Power      Damage    Failure   Level
 Dazzling Flash           Conj/Hex       82%        N/A       1%          3
 Hailstorm                Conj/Ice       41%        3d9       1%          3
 Apportation              Tloc           26%        N/A       4%          1
 Necrotise                Necr           52%        1d6       4%          1
 Jinxbite                 Hex            26%        N/A       7%          2
 Lesser Beckoning         Tloc           26%        N/A       7%          2
 Summon Ice Beast         Ice/Summ       13%        N/A       14%         3
 Anguish                  Hex/Necr       6%         N/A       41%         4
 Vhi's Electric Charge    Tloc/Air       26%        N/A       41%         4
 Alistair's Intoxication  Alch           8%         N/A       77%         5
 Borgnjor's Vile Clutch   Necr/Erth      6%         N/A       77%         5
 Curse of Agony           Necr           13%        N/A       77%         5
 Silence                  Hex/Air        6%         N/A       77%         5
 Death Channel            Necr           6%         N/A       100%        6
 Eringya's Noxious Bog    Alch           6%         4d6       100%        6
 Sculpt Simulacrum        Ice/Alch       6%         N/A       100%        6
 Malign Gateway           Summ/Tloc      6%         N/A       100%        7
 Maxwell's Capacitive Co  Air            6%         ∞         100%        8


Dungeon Overview and Level Annotations

Branches:
Dungeon (12/15)            Temple (1/1) D:4            Lair (0/5) D:8
    Orc (0/2) D:12          IceCv (1/1)

Altars:
Ashenzari
Cheibriados
Dithmenos
Elyvilon
Fedhas
Gozag
Hepliaklqana
Kikubaaqudgha
Makhleb
Nemelex Xobeh
Okawaru
Qazlal
Ru
Sif Muna
Trog
Uskayaw
Vehumet
Wu Jian
Xom
Yredelemnul
Zin
The Shining One

Shops:
D:4 *   D:5 (

Annotations:
D:3 3 runed translucent doors, jagang's ghost, amateur HuMo
D:8 exclusion: cyclops
D:12 1 runed translucent door, Natenado's ghost, journeyman DjFE


Message History

Confirm with . or Enter, or press ? or * to list all spells.
Flames lash the acid dragon simulacrum.
The acid dragon simulacrum melts!
The acid dragon simulacrum vaporises!
Sif Muna accepts your kill.
You hear an angry hiss. x2; You hear a deafening roar!
Unknown command.
You start waiting.
An ice dragon is nearby!
What are your orders? t - Shout!
Orders for allies: a - Attack new target. r - Retreat! s - Stop attacking. g - Guard the area. f - Follow me.
Anything else - Cancel.
You shout for attention!
You hear a deafening roar!
What are your orders? t - Shout!
Orders for allies: a - Attack new target. r - Retreat! s - Stop attacking. g - Guard the area. f - Follow me.
Anything else - Cancel.
You shout for attention!
What are your orders? t - Shout!
Orders for allies: a - Attack new target. r - Retreat! s - Stop attacking. g - Guard the area. f - Follow me.
Anything else - Cancel.
You shout for attention!
You hear an angry hiss.
The ice dragon roars deafeningly!
The ice dragon breathes frost at you. The blast of cold hits you!!
Unknown command.
Casting: Scorch (safe; 1% risk of failure)
Confirm with . or Enter, or press ? or * to list all spells.
A cloud of volatile blastmotes flares up around you!
Run!
The ice dragon breathes frost at you. The blast of cold hits you!!!
Ouch! That really hurt!
You die...

##....## ##......##
#........##
##.........# ###
#.........####..
##..........##...
##..............#.
##..............###
#.@##.........####.
##.###........##
##. #..#
##........# #..
#.## #.......## ##.
##.# ##.....## #.
#D.# #.....# ##
#..# ##..### #
##..# ##.#.# #
##.k## #..###


You could see an ice dragon (catching breath).

Vanquished Creatures
  Gastronok (D:11)
  A boulder beetle (D:11)
  5 two-headed ogres
  Pikel (D:4)
  An ugly thing (D:12)
  Maurice (D:9)
  2 cyclopes
  2 ice statues (IceCv)
  A gargoyle (D:12)
  A komodo dragon (D:8)
  2 rime drakes (IceCv)
  2 ice devils (D:12)
  2 trolls
  A queen bee (D:11)
  Grinder (D:5)
  A vampire (D:10)
  3 wraiths
  41 yaks
  A basilisk (D:11)
  A wyvern (D:7)
  2 steam dragons (D:7)
  Menkaure (D:6)
  2 water moccasins
  A sky beast (D:8)
  An ice beast (D:5)
  7 orc warriors
  2 black bears (D:8)
  2 centaurs
  An ogre (D:4)
  3 lemures (D:4)
  2 kobold brigands
  2 phantoms
  6 bullfrogs
  9 scorpions
  3 gnoll sergeants
  9 wights
  42 killer bees
  A lindwurm simulacrum (IceCv)
  2 howler monkeys
  A bombardier beetle (D:5)
  8 komodo dragon simulacra (IceCv)
  A hound (D:6)
  3 jellies
  8 orc priests
  3 iguanas
  10 orc wizards
  Ijyb (D:4)
  Natasha (thrice) (D:3)
  Robin (D:3)
  12 gnolls
  7 acid dragon simulacra (IceCv)
  8 adders
  3 white imps
  5 steam dragon simulacra (IceCv)
  A dart slug (D:4)
  2 ribbon worms
  32 orcs
  2 ball pythons
  5 bats
  3 endoplasms
  A giant cockroach (D:4)
  13 goblins
  7 hobgoblins
  A jackal (D:5)
  2 quokkas (D:2)
  A frilled lizard (D:2)
  20 kobolds
  5 rats
338 creatures vanquished.

Vanquished Creatures (others)
  An iguana (D:6)
  951 foxfires
952 creatures vanquished.

Grand Total: 1290 creatures vanquished

Notes
Turn   | Place    | Note
-------+----------+-------------------------------------------
     0 | D:1      | cdecastro the Deep Elf Fire Elementalist began the quest
                  | for the Orb.
     0 | D:1      | Reached XP level 1. HP: 10/10 MP: 6/6
   289 | D:1      | Reached XP level 2. HP: 15/15 MP: 5/8
   293 | D:1      | Reached skill level 4 in Fire Magic
   529 | D:1      | Found a faded altar of an unknown god.
   955 | D:2      | Identified the +7 trident "Tunij" {speed, *Slow +Blink
                  | SInv}
  1093 | D:1      | Learned a level 2 spell: Scorch
  1152 | D:2      | Reached XP level 3. HP: 19/19 MP: 6/9
  1506 | D:2      | Learned a level 3 spell: Inner Flame
  1639 | D:3      | Found a sacrificial altar of Ru.
  1639 | D:3      | Found a glowing silver altar of Zin.
  1844 | D:3      | Reached skill level 5 in Fire Magic
  1927 | D:3      | Noticed Robin
  2018 | D:3      | Killed Robin
  2277 | D:3      | Reached XP level 4. HP: 24/24 MP: 8/10
  2310 | D:3      | Found a runed translucent gate.
  2310 | D:3      | Found an opulent altar of Gozag.
  2311 | D:3      | Found a runed translucent gate.
  2311 | D:3      | Found a runed translucent gate.
  2312 | D:3      | Noticed jagang's ghost (amateur HuMo)
  2537 | D:3      | Noticed Natasha
  2556 | D:3      | Killed Natasha
  2629 | D:3      | Noticed Natasha
  2639 | D:3      | Killed Natasha
  2640 | D:3      | Reached skill level 6 in Fire Magic
  2749 | D:3      | You fall into a shaft and drop 2 floors!
  2749 | D:5      | Entered Level 5 of the Dungeon
  2772 | D:5      | Reached XP level 5. HP: 28/28 MP: 6/11
  2833 | D:5      | Found Eseavon's Weapon Boutique.
  2959 | D:4      | Found a staircase to the Ecumenical Temple.
  2961 | D:4      | Noticed an ogre
  2968 | Temple   | Entered the Ecumenical Temple
  2973 | Temple   | Reached skill level 7 in Fire Magic
  3091 | Temple   | Became a worshipper of Sif Muna the Loreminder
  3102 | Temple   | Learned a level 3 spell: Volatile Blastmotes
  3109 | D:4      | Killed an ogre
  3110 | D:4      | Reached XP level 6. HP: 6/32 MP: 3/12
  3548 | D:4      | Reached skill level 8 in Fire Magic
  3857 | D:3      | Noticed Natasha
  3862 | D:3      | Killed Natasha
  3911 | D:4      | Noticed Ijyb
  3965 | D:4      | Killed Ijyb
  4165 | D:4      | Noticed Pikel
  4192 | D:4      | Killed Pikel
  4193 | D:4      | Reached XP level 7. HP: 27/36 MP: 5/20
  4459 | D:4      | Reached XP level 8. HP: 41/41 MP: 15/23
  4504 | D:4      | Reached * piety under Sif Muna
  4544 | D:4      | Reached skill level 10 in Spellcasting
  4570 | D:4      | Found the +11 Singing Sword {sonic wave}
  4868 | D:4      | Found Ea-nāṣir's Fine Metal Goods.
  5209 | D:5      | Reached skill level 5 in Conjurations
  5304 | D:5      | Noticed Grinder
  5313 | D:5      | Killed Grinder
  5919 | D:6      | Noticed Menkaure
  5924 | D:6      | Killed Menkaure
  5956 | D:6      | Reached XP level 9. HP: 45/45 MP: 22/25
  6196 | D:6      | Learned a level 4 spell: Flame Wave
  6795 | D:7      | Found a hazy altar of Hepliaklqana.
  7172 | D:7      | Reached skill level 10 in Conjurations
  7830 | D:8      | Noticed a two-headed ogre
  7836 | D:8      | Killed a two-headed ogre
  7837 | D:8      | Reached skill level 5 in Invocations
  7837 | D:8      | Reached XP level 10. HP: 38/54 MP: 17/26
  7903 | D:8      | Found a snail-covered altar of Cheibriados.
  7969 | D:8      | Found a burning altar of Makhleb.
  7971 | D:8      | Noticed an Executioner
  7975 | D:8      | Noticed a smoke demon
  8053 | D:8      | Noticed a cyclops
  8072 | D:8      | Reached ** piety under Sif Muna
  8313 | D:8      | Reached skill level 5 in Fighting
  8754 | D:8      | Found a shadowy altar of Dithmenos.
  8766 | D:8      | Found a hide-covered altar of Uskayaw.
  9030 | D:8      | Found a staircase to the Lair.
  9431 | D:8      | Reached skill level 5 in Dodging
  9596 | D:9      | Noticed a two-headed ogre
  9788 | D:9      | Killed a two-headed ogre
  9877 | D:9      | Reached *** piety under Sif Muna
  9910 | D:10     | Entered Level 10 of the Dungeon
  9976 | D:9      | Noticed Maurice
  9983 | D:9      | Killed Maurice
  9984 | D:9      | Reached XP level 11. HP: 63/63 MP: 21/27
 10233 | D:9      | Found a radiant altar of Vehumet.
 10603 | D:9      | Reached skill level 10 in Invocations
 10699 | D:9      | Learned a level 6 spell: Starburst
 11043 | D:10     | Noticed a two-headed ogre
 11051 | D:10     | Killed a two-headed ogre
 11226 | D:10     | Noticed a two-headed ogre
 11451 | D:10     | Killed a two-headed ogre
 11452 | D:10     | Reached skill level 10 in Dodging
 11788 | D:11     | Reached **** piety under Sif Muna
 11789 | D:11     | Reached skill level 9 in Fire Magic
 11837 | D:11     | Noticed a boulder beetle
 12206 | D:11     | Noticed Gastronok
 12221 | D:11     | Killed Gastronok
 12222 | D:11     | Reached skill level 10 in Fire Magic
 12222 | D:11     | Reached XP level 12. HP: 21/68 MP: 8/28
 12473 | D:11     | Got the Incunable of Horrible Immolation
 12780 | D:11     | Reached ***** piety under Sif Muna
 12781 | D:11     | Reached skill level 11 in Fire Magic
 12952 | D:11     | Found a radiant altar of Vehumet.
 13044 | D:11     | Noticed a two-headed ogre
 13055 | D:11     | Killed a two-headed ogre
 13094 | D:11     | Killed a boulder beetle
 13095 | D:11     | Reached skill level 12 in Fire Magic
 13372 | D:12     | Found a runed translucent door.
 13372 | D:12     | Found a shimmering altar of Xom.
 13372 | D:12     | Identified the +6 scimitar of Vengeance {chaos, Str+4}
 13372 | D:12     | Noticed Natenado's ghost (journeyman DjFE)
 13423 | D:12     | Found a staircase to the Orcish Mines.
 13663 | D:12     | Reached skill level 13 in Fire Magic
 13842 | D:12     | Found a frozen archway.
 13851 | IceCv    | Entered an ice cave
 13860 | IceCv    | Received a gift from Sif Muna
 13861 | IceCv    | Got Sif Muna's Handbook of Vexing Correspondence {god gift}
 14160 | IceCv    | Identified the +9 sling "Sarcophage" {flame, rF++ Will+}
 14537 | IceCv    | Learned a level 4 spell: Summon Blazeheart Golem
 14541 | IceCv    | Learned a level 3 spell: Mephitic Cloud
 14547 | IceCv    | Learned a level 5 spell: Arcjolt
 14689 | IceCv    | Noticed an ice dragon
 14954 | IceCv    | Killed from afar by an ice dragon

Illustrated notes

Levels and vault maps discovered:
D:1:      minmay_arrival_split_and_join, layout_loops_cross,
          hellmonk_ecumenical_altar_arch_garden, minmay_heptomino_l4
D:2:      layout_rooms
D:3:      layout_basic, gammafunk_temple_overflow_wave, ebering_ghost_gozag,
          uniq_natasha, uniq_robin
D:4:      old_forge, layout_layer_cave, minmay_temple_entry_tees,
          nicolae_ea-nasir_strikes_again, kennysheep_generic_room_15,
          uniq_pikel, uniq_ijyb
D:5:      layout_basic, serial_shops, shop, serial_rivers,
          chequers_serial_rivers_small_a, chequers_serial_rivers_large_a,
          chequers_serial_rivers_micro_e, chequers_serial_rivers_small_b,
          st_stairs_12, chequers_serial_rivers_micro_e, uniq_grinder
D:6:      layout_basic, lemuel_flamethrower_2, uniq_menkaure
D:7:      layout_basic, mainiacjoe_overflow_brackets
D:8:      layout_loops_corners, old_standard_altar, makhleb_altar_promises_db,
          amethyst_overflow_temple_binary, grunt_lair_entry_orc_guard_hut
D:9:      layout_big_octagon, kennysheep_little_box, uniq_maurice
D:10:     layout_cave_pools
D:11:     layout_roguey [special_room_bee], nicolae_vehumet_radiance,
          uniq_gastronok
D:12:     minmay_four_partial_circles, layout_loops_ring, david_orc_3,
          ebering_ghost_xom, portal_ice_cave_demonic_guard
Temple:   nicolae_temple_superstar
IceCv:    ice_cave_small_dragons

Skill      XL: |  1  2  3  4  5  6  7  8  9 10 11 12 |
---------------+-------------------------------------+-----
Fire Magic     | 4 5 6 7 8 10 13 | 13.2
Spellcasting   | 8 9 10 | 10.0
Conjurations   | 7 10 | 10.8
Invocations    | 5 8 10 | 10.0
Fighting       | 2 5 |  5.0
Dodging        | 5 10 | 10.0
Stealth        | |  2.4

Action                     |  1- 3 |  4- 6 |  7- 9 | 10-12 || total
---------------------------+-------+-------+-------+-------++-------
  Melee: Dagger            |    15 |       |       |       ||    15
         Double sword      |       |       |       |     2 ||     2
   Fire: Sling             |       |       |       |     6 ||     6
   Cast: Foxfire           |    79 |    59 |   129 |   271 ||   538
         Scorch            |     5 |    36 |    72 |   210 ||   323
         Volatile Blastmot |       |       |     2 |     8 ||    10
         Inner Flame       |       |       |     2 |    24 ||    26
         Flame Wave        |       |       |       |    34 ||    34
         Starburst         |       |       |       |     4 ||     4
    Use: Scroll            |       |     2 |     9 |     4 ||    15
         Potion            |       |       |       |     1 ||     1
   Stab: Sleeping          |     3 |       |       |       ||     3
 Armour: Robe              |    13 |     9 |       |       ||    22
         Animal skin       |       |     5 |    21 |   122 ||   148
         Skin              |       |       |       |     3 ||     3
  Dodge: Dodged            |    10 |    15 |    11 |   150 ||   186
